 Dungeon Crawl Stone Soup version 0.30-a0-782-ge64f9170bb (webtiles) character file.

Game seed: 8303215362626016900

14569 HoaS the Marksdemigod (level 11, -7/89 HPs)
             Began as a Demigod Hunter on Mar 12, 2023.
             Mangled by a polar bear simulacrum (8 damage)
             ... in an ice cave.
             The game lasted 00:20:03 (9919 turns).

HoaS the Marksdemigod (Demigod Hunter)              Turns: 9919, Time: 00:20:04

Health: -7/89      AC: 14    Str: 12    XL:     11   Next: 60%
Magic:  14/14      EV: 20    Int: 15    God:
Gold:   625        SH:  0    Dex: 37    Spells: 10/10 levels left

rFire   . . .      SeeInvis .    a - +3 shortbow (heavy)
rCold   + . .      Faith    .    (shield currently unavailable)
rNeg    . . .      Spirit   .    A - +3 steam dragon scales
rPois   .          Reflect  .    (no helmet)
rElec   .          Harm     .    r - +1 cloak
rCorr   .          Rampage  .    (no gloves)
Will    +....                    x - +3 pair of boots "Lunecw" {Dex+2}
Stlth   +++                      (no amulet)
HPRegen 0.34/turn                m - ring "Asis" {Wiz rC+ Int+4}
MPRegen 0.14/turn                t - +6 ring of dexterity

@: no status effects
A: high MP 1, forlorn, divine attributes
a: no special abilities


You were in an ice cave.
You visited 2 branches of the dungeon, and saw 12 of its levels.
You also visited: Ice Cave.

You collected 707 gold pieces.
You spent 82 gold pieces at shops.

Inventory:

Hand Weapons
 a - a +3 heavy shortbow (weapon)
Missiles
 z - a throwing net
Armour
 r - a +1 cloak (worn)
 x - the +3 pair of boots "Lunecw" (worn) {Dex+2}
   (You found it on level 8 of the Dungeon)

   Dex:       It affects your dexterity (+2).
 A - +3 steam dragon scales (worn)
Jewellery
 i - a ring of positive energy
 l - a ring of poison resistance
 m - the ring "Asis" (left hand) {Wiz rC+ Int+4}
   (You found it on level 10 of the Dungeon)

   [ring of wizardry]

   It improves your spell success rate.
   Int:       It affects your intelligence (+4).
   rC:        It protects you from cold.
 t - a +6 ring of dexterity (right hand)
 y - a ring of protection from fire
Wands
 c - a wand of iceblast (16)
 d - a wand of polymorph (4)
 f - a wand of light (7)
 k - a wand of flame (33)
 v - a wand of digging (6)
Scrolls
 b - 3 scrolls of immolation
 j - 2 scrolls of blinking
 n - a scroll of fog
 p - 3 scrolls of identify
 q - 3 scrolls of brand weapon
 w - a scroll of summoning
 B - a scroll of poison
 D - a scroll of fear
Potions
 e - 3 potions of lignification
 g - 12 potions of curing
 h - 5 potions of flight
 o - 2 potions of attraction
 s - 4 potions of mutation
 u - 2 potions of invisibility
 C - a potion of haste {unknown}
 E - a potion of heal wounds


   Skills:
 + Level 6.1 Fighting
 - Level 16.0 Ranged Weapons
 + Level 6.1 Dodging
 - Level 0.8 Stealth


You had 10 spell levels left.
You didn't know any spells.
Your spell library contained the following spells:

 Spells                   Type           Power      Damage    Failure   Level
 Magic Dart               Conj           0%         1d3       11%         1
 Necrotise                Necr           0%         1d4       11%         1
 Ensorcelled Hibernation  Hex/Ice        0%         N/A       16%         2
 Lesser Beckoning         Tloc           0%         N/A       16%         2
 Passwall                 Tmut/Erth      0%         N/A       16%         2
 Searing Ray              Conj           0%         2d4       16%         2
 Dazzling Flash           Conj/Hex       0%         N/A       32%         3
 Gell's Gravitas          Tloc           0%         N/A       32%         3
 Inner Flame              Hex/Fire       0%         N/A       32%         3
 Ozocubu's Armour         Ice            0%         N/A       32%         3
 Swiftness                Air            0%         N/A       32%         3
 Teleport Other           Tloc           0%         N/A       32%         3
 Vampiric Draining        Necr           0%         2d6       32%         3
 Flame Wave               Conj/Fire      0%         2d4       69%         4
 Fulminant Prism          Conj/Hex       0%         3d5       69%         4
 Sticky Flame             Conj/Fire      0%         2d3       69%         4
 Agony                    Necr           0%         N/A       95%         5
 Silence                  Hex/Air        0%         N/A       95%         5
 Ozocubu's Refrigeration  Ice            0%         4d7       100%        7


Dungeon Overview and Level Annotations

Branches:
Dungeon (11/15)            Temple (0/1) D:6            Lair (1/5) D:11
    Orc (0/2) D:9           IceCv (1/1)

Shops:
D:1 =   D:2 (   D:11 **

Annotations:
D:11 emiel's ghost, journeyman DsEE


Innate Abilities, Weirdness & Mutations

You have an increased reservoir of magic. (+10% MP)
You shall have no god before yourself.
Your divine heritage dramatically boosts your attributes as you level up.


Message History

The polar bear simulacrum bites you but does no damage.
The polar bear simulacrum claws you but does no damage.
The polar bear simulacrum closely misses you.
The ice devil misses you.
You shoot an arrow. The arrow hits the ice devil.
The ice devil is almost dead.
The polar bear simulacrum closely misses you. x2
The polar bear simulacrum claws you but does no damage.
The polar bear simulacrum barely misses you. x2
The polar bear simulacrum claws you but does no damage.
The ice devil hits you! The ice devil freezes you! You resist.
* * * LOW HITPOINT WARNING * * *
You shoot an arrow. The arrow barely misses the ice devil.
The ice devil closely misses you.
You shoot an arrow.
The arrow hits the ice devil but does no damage.
The ice devil is almost dead.
The polar bear simulacrum bites you.
* * * LOW HITPOINT WARNING * * *
The polar bear simulacrum freezes you! You resist.
* * * LOW HITPOINT WARNING * * *
The polar bear simulacrum claws you but does no damage.
The polar bear simulacrum completely misses you. x2
The polar bear simulacrum claws you but does no damage. x2
The ice devil hits you but does no damage.
You shoot an arrow. The arrow hits the ice devil!!
You kill the ice devil!
The polar bear simulacrum bites you.
* * * LOW HITPOINT WARNING * * *
The polar bear simulacrum freezes you. You resist.
* * * LOW HITPOINT WARNING * * *
The polar bear simulacrum misses you.
The polar bear simulacrum barely misses you.
The polar bear simulacrum bites you but does no damage.
The polar bear simulacrum misses you.
The polar bear simulacrum barely misses you.
You feel better. The polar bear simulacrum bites you.
* * * LOW HITPOINT WARNING * * *
The polar bear simulacrum freezes you! You resist.
You die...

##..## #☼
##...# .○
#...## #§
##..#
####..##
##..#..#
##...#..#
#.......#
#..##Z@.#
#. ##Z.#
#.## ..#
... ....
#..[#
#.)##


You could see 2 polar bear simulacra.

Vanquished Creatures
  Gastronok (D:8)
  A two-headed ogre (D:11)
  An orange crystal statue (D:10)
  Joseph (D:8)
  3 ice statues
  2 gargoyles
  Maggie (D:8)
  An unseen horror (D:11)
  Psyche (D:10)
  An anaconda simulacrum (IceCv)
  4 ice devils (IceCv)
  5 trolls
  Prince Ribbit (D:8)
  Sigmund (D:3)
  A shadow (D:11)
  11 yaks
  A water elemental (D:11)
  4 wyverns
  3 vampire mosquitoes
  Menkaure (D:4)
  3 wargs (D:9)
  An acid dragon (D:9)
  A water moccasin (D:7)
  3 black bears
  3 orc warriors
  An ice beast (D:8)
  Duvessa (D:5)
  2 sky beasts
  2 ogres (D:6)
  2 centaurs
  A kobold brigand (D:11)
  2 phantoms
  Blork the orc (D:4)
  3 bullfrogs
  A gnoll sergeant (D:9)
  A two-headed ogre simulacrum (IceCv)
  A necrophage (D:6)
  2 cane toad simulacra (IceCv)
  4 wights (D:7)
  Dowan (D:5)
  An elephant simulacrum (Lair:1)
  6 killer bees (D:8)
  6 howler monkeys
  6 electric eels (D:11)
  2 hounds
  5 orc priests
  A gnoll bouda (D:8)
  A jelly (D:6)
  3 iguanas
  6 orc wizards
  A troll simulacrum (IceCv)
  A polar bear simulacrum (IceCv)
  A spriggan simulacrum (IceCv)
  8 gnolls
  7 adders
  3 naga simulacra (IceCv)
  2 shadow imps
  3 white imps
  4 ufetubi
  4 worms
  A dart slug (D:1)
  26 orcs
  9 ball pythons
  4 bats
  6 endoplasms
  3 giant cockroaches
  6 hobgoblins
  2 quokkas
  2 frilled lizards
  10 kobolds
  6 rats
227 creatures vanquished.

Vanquished Creatures (others)
  A bush (D:9)
  8 fungi (D:11)
  12 plants (D:11)
21 creatures vanquished.

Grand Total: 248 creatures vanquished

Notes
Turn   | Place    | Note
-------+----------+-------------------------------------------
     0 | D:1      | HoaS the Demigod Hunter began the quest for the Orb.
     0 | D:1      | Reached XP level 1. HP: 17/17 MP: 3/3
   296 | D:1      | Reached skill level 4 in Ranged Weapons
   312 | D:1      | Reached XP level 2. HP: 24/24 MP: 4/4
   464 | D:1      | Found Lisogaeh's Jewellery Emporium.
  1086 | D:2      | Found Ewei's Antique Weapon Shoppe.
  1092 | D:2      | Reached XP level 3. HP: 28/29 MP: 5/5
  1554 | D:2      | Reached skill level 5 in Ranged Weapons
  1788 | D:3      | Reached XP level 4. HP: 30/36 MP: 6/6
  2202 | D:3      | Noticed Sigmund
  2637 | D:4      | Noticed a phantom
  2640 | D:4      | Killed a phantom
  2641 | D:4      | Reached skill level 6 in Ranged Weapons
  2641 | D:4      | Reached XP level 5. HP: 41/41 MP: 7/7
  2675 | D:4      | Noticed Blork the orc
  2686 | D:4      | HP: 2/41 [Blork the orc/+0 scimitar (8)]
  2698 | D:4      | Killed Blork the orc
  2891 | D:4      | Found Zuit's Distillery.
  3147 | D:3      | Reached skill level 7 in Ranged Weapons
  3147 | D:3      | Reached XP level 6. HP: 30/48 MP: 8/8
  3290 | D:4      | Noticed Menkaure
  3298 | D:4      | Killed Menkaure
  3484 | D:3      | Killed Sigmund
  3485 | D:3      | Reached skill level 8 in Ranged Weapons
  3485 | D:3      | Reached XP level 7. HP: 53/53 MP: 9/9
  3542 | D:5      | Entered Level 5 of the Dungeon
  3748 | D:5      | Noticed Duvessa
  3750 | D:5      | Noticed Dowan
  3755 | D:5      | Killed Duvessa
  3756 | D:5      | Reached skill level 9 in Ranged Weapons
  3758 | D:5      | Killed Dowan
  4199 | D:6      | Reached XP level 8. HP: 60/60 MP: 10/10
  4225 | D:6      | Found a staircase to the Ecumenical Temple.
  4332 | D:6      | Reached skill level 10 in Ranged Weapons
  4719 | D:7      | Noticed a troll
  4795 | D:7      | Reached skill level 11 in Ranged Weapons
  4837 | D:7      | You fall into a shaft and drop 1 floor!
  5321 | D:7      | Killed a troll
  5322 | D:7      | Reached skill level 12 in Ranged Weapons
  5322 | D:7      | Reached XP level 9. HP: 49/67 MP: 11/11
  5417 | D:8      | Identified the +3 pair of boots "Lunecw" {Dex+2}
  5652 | D:8      | Noticed Joseph
  5935 | D:8      | Killed Joseph
  5936 | D:8      | Reached skill level 13 in Ranged Weapons
  6189 | D:8      | Noticed Gastronok
  6227 | D:8      | Noticed Prince Ribbit
  6238 | D:8      | Killed Prince Ribbit
  6366 | D:8      | Noticed Maggie
  6371 | D:8      | Killed Maggie
  6786 | D:9      | Found a staircase to the Orcish Mines.
  6798 | D:9      | Reached skill level 14 in Ranged Weapons
  6800 | D:9      | Reached XP level 10. HP: 48/73 MP: 13/13
  7270 | D:10     | Entered Level 10 of the Dungeon
  7504 | D:10     | Identified the ring "Asis" {Wiz rC+ Int+4}
  7529 | D:10     | Noticed Psyche
  7540 | D:10     | Killed Psyche
  7617 | D:10     | Noticed an orange crystal statue
  7621 | D:10     | Killed an orange crystal statue
  7622 | D:10     | Reached skill level 15 in Ranged Weapons
  7813 | D:10     | Noticed an ice statue
  7820 | D:10     | Killed an ice statue
  8039 | D:10     | Reached skill level 16 in Ranged Weapons
  8315 | D:11     | Found Hesettok's Specific Store.
  8316 | D:11     | Found Tuluicoo's General Store.
  8320 | D:11     | Bought a scroll of enchant armour for 82 gold pieces
  8354 | D:11     | Reached XP level 11. HP: 81/81 MP: 14/14
  8366 | D:11     | Noticed a two-headed ogre
  8373 | D:11     | Killed a two-headed ogre
  8627 | D:11     | Found a staircase to the Lair.
  8789 | D:11     | Found a runed translucent gate.
  8789 | D:11     | Found a runed translucent gate.
  8789 | D:11     | Found a runed translucent gate.
  8790 | D:11     | Noticed emiel's ghost (journeyman DsEE)
  9337 | D:8      | Killed Gastronok
  9338 | D:8      | Reached skill level 5 in Fighting
  9338 | D:8      | Reached skill level 5 in Dodging
  9566 | Lair:1   | Entered Level 1 of the Lair of Beasts
  9596 | Lair:1   | Found a frozen archway.
  9609 | IceCv    | Entered an ice cave
  9918 | IceCv    | HP: 1/89 [polar bear simulacrum (5)]
  9919 | IceCv    | Mangled by a polar bear simulacrum

Illustrated notes

Levels and vault maps discovered:
D:1:      lightli_arrival_statue_moat, layout_loops_ring, serial_shops, shop
D:2:      layout_loops_ring, serial_shops, shop_statue
D:3:      layout_loops_corners, uniq_sigmund
D:4:      layout_rooms, marbit_many_paths, tso_altar, serial_shops, shop,
          uniq_menkaure, uniq_blork_the_orc
D:5:      layout_rooms, nicolae_vehumet_radiance, uniq_duvessa
D:6:      layout_basic, minmay_temple_entry_enclosed_plants
D:7:      layout_cave_pools, pdpol_temple_overflow_zin_treasury_gozag_greed,
          lemuel_coloured_pillars_altar
D:8:      layout_cave_pods, lemuel_tele_altar, uniq_joseph, uniq_maggie,
          uniq_prince_ribbit1, uniq_gastronok
D:9:      layout_rooms, minmay_orc_entry_guard_dogs, dreamdust_princess_bridge,
          nrook_loot_triangle
D:10:     minmay_separated_statues, layout_basic, lemuel_round_altar,
          amcnicky_altar_gilded, serial_corexii_hall, corexii_hall_statues_i,
          corexii_hall_statues_l, corexii_hall_statues_l,
          corexii_hall_statues_t, mrwooster_statue_mirror, uniq_psyche
D:11:     layout_basic, grunt_lair_entry_orc_guard_hut,
          gammafunk_ghost_nasty_kobolds, minivault_27,
          statue_in_the_mist_lemuel, nicolae_specific_store
Lair:1:   minmay_lair_venomous_thicket, layout_gridlike,
          portal_ice_cave_entry_ice_simulacra, basic_altar,
          nicolae_quartered_pool_super
IceCv:    ice_cave_small_demon

Skill      XL: |  1  2  3  4  5  6  7  8  9 10 11 |
---------------+----------------------------------+-----
Ranged Weapons | 4 5 6 7 8 9 12 14 16 | 16.0
Fighting       | 2 6 |  6.1
Dodging        | 2 6 |  6.1
Stealth        | |  0.8

Action                     |  1- 3 |  4- 6 |  7- 9 | 10-12 || total
---------------------------+-------+-------+-------+-------++-------
  Melee: Unarmed           |       |    16 |       |       ||    16
   Fire: Shortbow          |   117 |    96 |   183 |   283 ||   679
    Use: Scroll            |     8 |     4 |     6 |    11 ||    29
         Potion            |       |     1 |     1 |     1 ||     3
 Armour: Leather armour    |     9 |     2 |       |       ||    11
         Skin              |       |    25 |       |       ||    25
         Robe              |       |     6 |    15 |       ||    21
         Steam dragon scal |       |       |    10 |    66 ||    76
  Dodge: Dodged            |    29 |    36 |    61 |   107 ||   233

Table legend: (Time is in decaauts)
 A = Elapsed time spent in this place.
 B = Non-inter-level travel time spent in this place.
 C = Inter-level travel time spent in this place.
 D = Time resting spent in this place.
 E = Time spent auto-exploring this place.
 F = Levels seen in this place.
 G = Mean time per level.
                   A        B        C        D        E       F      G
               +--------+--------+--------+--------+--------+-----+--------+
         Total |  10064 |   9481 |    583 |   1964 |   5897 |  13 |  774.2 |
       Dungeon |   9712 |   9129 |    583 |   1791 |   5837 |  11 |  882.9 |
          Lair |     42 |     42 |      0 |      0 |     28 |   1 |   42.0 |
      Ice Cave |    308 |    308 |      0 |    173 |     32 |   1 |  308.0 |
               +--------+--------+--------+--------+--------+-----+--------+

Top non-repeatable levels by time:
     D:8: 1322 daAuts
     D:3: 1214 daAuts
    D:11: 1075 daAuts
     D:7: 879 daAuts
    D:10: 877 daAuts
     D:1: 862 daAuts
     D:4: 792 daAuts
     D:2: 730 daAuts
     D:6: 718 daAuts
     D:9: 711 daAuts
     D:5: 528 daAuts
   IceCv: 308 daAuts
  Lair:1: 42 daAuts
